 Dungeon Crawl Stone Soup version 0.16.1-11-g651b585 (webtiles) character file.

909 Ladykiller69 the Blocker (level 8, -2/60 HPs)
             Began as a Formicid Fighter on Apr 4, 2015.
             Slain by a centaur warrior (12 damage)
             ... on level 15 of the Dungeon.
             The game lasted 00:18:30 (3877 turns).

Ladykiller69 the Blocker (Formicid Fighter)         Turns: 3877, Time: 00:18:30

Health: -2/60      AC:  9    Str: 22    XL:     8   Next: 29%
Magic:  11/11      EV:  9    Int:  9    God:
Gold:   241        SH: 11    Dex: 10    Spells: 0 memorised, 7 levels left

rFire  + . .     SeeInvis +     a - +0 war axe
rCold  x . .     Clarity  .     b - +0 scale mail
rNeg   + . .     SustAb   .     c - +0 shield
rPois  .         Gourm    .     (helmet unavailable)
rElec  .         Spirit   .     E - +0 cloak
rCorr  .         Warding  +     (no gloves)
rMut   .         Stasis   +     n - +0 pair of boots
MR     .....                    g - amulet of warding
Stlth  ..........               (no ring)
                                H - ring of fire

@: not resistant to hostile enchantments, extremely unstealthy
A: permanent stasis, dig shafts and tunnels, four strong arms, antennae 3
a: Dig, Shaft Self


You were on level 15 of the Dungeon.
You were not hungry.

You visited 2 branches of the dungeon, and saw 14 of its levels.

You collected 241 gold pieces.

Inventory:

Hand weapons
 a - a +0 war axe (weapon)
 I - a cursed +0 flail
Missiles
 k - 6 poisoned javelins (quivered)
 v - 5 tomahawks
Armour
 b - a +0 scale mail (worn)
 c - a +0 shield (worn)
 n - a +0 pair of boots (worn)
 E - a +0 cloak (worn)
Jewellery
 f - a cursed ring of ice {unknown}
 g - an amulet of warding (around neck)
 H - a ring of fire (left hand)
Magical devices
 F - a wand of slowing (33)
 J - a wand of lightning (7)
Scrolls
 l - 7 scrolls of identify
 m - 2 scrolls of remove curse
 x - a scroll of recharging {unknown}
 z - a scroll of summoning {unknown}
 D - a scroll of enchant armour {unknown}
 G - a scroll of silence {unknown}
Potions
 e - 3 potions of might
 h - a potion of ambrosia {unknown}
 i - 2 potions of heal wounds
 j - 2 potions of magic {unknown}
 p - a potion of degeneration {unknown}
 r - a potion of haste {unknown}
 t - 2 potions of berserk rage {unknown}
 B - a potion of flight {unknown}
 C - a potion of brilliance {unknown}
Comestibles
 d - 5 bread rations
 o - 2 meat rations
 q - 3 chunks of flesh
 u - 2 beef jerkies


   Skills:
 - Level 4.0 Fighting
 + Level 6.0 Axes
 - Level 4.0 Armour
 - Level 1.0 Dodging
 + Level 8.0 Shields


You had 7 spell levels left.
You didn't know any spells.

Dungeon Overview and Level Annotations

Branches:
Dungeon (15/15)              Lair (0/8) D:10            Orc (1/4) D:12
 Temple: D:4-7       Vaults: D:13-14     Depths: D:15

Altars:
Fedhas
Nemelex Xobeh
Qazlal
Trog
Xom
Zin

Shops:
D:4 *   D:6 *

Annotations:
D:3 vatarom's ghost, average OpTm
D:4 1 exclusion
D:5 vatarom's ghost, experienced OpTm


Innate Abilities, Weirdness & Mutations

You are under a permanent stasis effect.
You can dig through walls and to a lower floor.
Your four strong arms can wield two-handed weapons with a shield.
You have a pair of large antennae on your head (SInv).


Message History

Use which ability? (? or * to list) Are you sure you want to shaft yourself?
You feel quite a bit more hungry.
You block the vampire mosquito's attack.
The phantom hits you but does no damage.
The vampire mosquito bites you.
You begin to dig a shaft.
You continue digging a shaft.
The vampire mosquito bites you. You block the phantom's attack.
The vampire mosquito bites you but does no damage.
You sense a monster nearby. x5
A shaft appears beneath you!
You fall through a shaft for 3 floors!
The shaft crumbles and collapses.
A centaur warrior comes into view.
The centaur warrior shouts!
You retract your mandibles.
You barely miss the centaur warrior. The centaur warrior hits you!
* * * LOW HITPOINT WARNING * * *
You barely miss the centaur warrior. The centaur warrior hits you!
You die...

# ##...
##.....
..... ##..#
#@.#
#.......c##
........#
.........
.........
.........
........
........
...


You could see a centaur warrior.

Vanquished Creatures
  Menkaure (D:5)
  A phantom (D:6)
  A sky beast (D:10)
  A big kobold (D:5)
  A scorpion (D:5)
  2 killer bees (D:7)
  2 hounds
  2 orc priests (D:4)
  2 orc wizards
  A centaur skeleton (D:4)
  An iguana (D:10)
  A worker ant (D:3)
  2 adders
  A shadow imp (D:10)
  An adder zombie (D:4)
  An adder skeleton (D:4)
  18 orcs
  3 ball pythons
  6 bats
  5 giant cockroaches
  6 goblins
  7 hobgoblins
  7 jackals
  25 kobolds
  3 giant newts
  A quokka (D:2)
  10 rats
112 creatures vanquished.

Notes
Turn   | Place    | Note
--------------------------------------------------------------
     0 | D:1      | Ladykiller69, the Formicid Fighter, began the quest for the Orb.
     0 | D:1      | Reached XP level 1. HP: 18/18 MP: 1/1
   124 | D:1      | Reached XP level 2. HP: 22/24 MP: 3/3
   372 | D:1      | Reached XP level 3. HP: 22/30 MP: 4/4
   870 | D:2      | You fall through a shaft for 2 floors!
   877 | D:4      | Reached skill level 1 in Dodging
   914 | D:4      | Reached skill level 4 in Shields
   961 | D:4      | Reached XP level 4. HP: 32/37 MP: 5/5
   997 | D:4      | Reached XP level 5. HP: 29/42 MP: 7/7
  1065 | D:4      | Found Crymur's Assorted Antiques.
  1065 | D:4      | Noticed an ice beast
  1096 | D:4      | Found a sparkling altar of Nemelex Xobeh.
  1123 | D:4      | Reached skill level 5 in Shields
  1140 | D:3      | Noticed vatarom's ghost (average OpTm)
  1453 | D:3      | Reached XP level 6. HP: 46/48 MP: 8/8
  2131 | D:5      | Entered Level 5 of the Dungeon
  2160 | D:5      | Reached skill level 6 in Shields
  2187 | D:5      | Found a bloodstained altar of Trog.
  2208 | D:5      | Noticed vatarom's ghost (experienced OpTm)
  2349 | D:5      | Found a shimmering altar of Xom.
  2352 | D:5      | Found a stormy altar of Qazlal.
  2357 | D:5      | Reached XP level 7. HP: 48/54 MP: 9/9
  2416 | D:5      | Noticed Menkaure
  2419 | D:5      | Killed Menkaure
  2419 | D:5      | Reached skill level 5 in Axes
  2471 | D:5      | Found a blossoming altar of Fedhas.
  2508 | D:5      | Reached skill level 7 in Shields
  2643 | D:6      | Found Obriemp's Assorted Antiques.
  2653 | D:6      | You fall through a shaft for 2 floors!
  2653 | D:8      | Found a glowing silver altar of Zin.
  2980 | D:7      | Reached XP level 8. HP: 14/60 MP: 11/11
  3125 | D:7      | You fall through a shaft for 3 floors!
  3125 | D:10     | Entered Level 10 of the Dungeon
  3437 | D:10     | Found a staircase to the Lair.
  3468 | D:9      | You fall through a shaft for 2 floors!
  3468 | D:11     | Noticed a kobold demonologist
  3475 | D:11     | Noticed an ice devil
  3785 | D:12     | Found a staircase to the Orcish Mines.
  3795 | Orc:1    | Entered Level 1 of the Orcish Mines
  3817 | D:12     | Reached skill level 8 in Shields
  3875 | D:12     | You fall through a shaft for 3 floors!
  3875 | D:15     | Entered Level 15 of the Dungeon
  3875 | D:15     | Noticed a centaur warrior
  3877 | D:15     | Slain by a centaur warrior

Action                   |  1- 3 |  4- 6 |  7- 9 || total
-------------------------+-------+-------+-------++-------
Melee: War axe           |   148 |   152 |   130 ||   430
 Abil: Dig               |     1 |     7 |     9 ||    17
       Shaft Self        |       |       |     4 ||     4
  Use: Scroll            |       |       |     4 ||     4
  Eat: Chunk             |       |     7 |     3 ||    10
       Fruit             |       |       |     3 ||     3
       Pizza             |       |       |     1 ||     1
